Unix NetHack Version 5.0.0-0 post-release - last build May 31 2026 23:59:36 (970b52f25bf058293b47ddfd14a1e40e571c508c,branch:main).

Game began 2026-06-08 01:59:20, ended 2026-06-08 20:52:32.

Doran, lawful female human Samurai

                        -----         ----        ------
                        |...           ..          ....|    -------
                        |...-----  -----.----  -----...|    |.....|
                        |...|(((|  |%..|.|..|--|???|...|    |.%...|
                        |...|(((|  |%%.-.-..|..|?(*|...|    |.>...|
                        |...|...|-------.---|%.|...|...|    |.....|
                        |...---|-...........-|---|--...|    ---.---
                        |....................)..........########
                        |........{.-----|-.{...........|# #    ##)#
                        |.......@..|.....|.............|          ##
                        |...-|---..|.....|....---|-....|           ##
                        |...|...|-||.._..|.-|-- ..|---.|            ##
                        |...|++.|..|.....|.|..|!((|  +.|       ------.-
                        |...|+?+|..|------.|..|(((|  |.|       |......|
                        |...--------.......-----------.|       |..<...|
                        |..............................|       |......|
                        --------------------------------       --------

Doran the Kunoichi     St:14 Dx:17 Co:18 In:10 Wi:11 Ch:6  Lawful S:2651
Dlvl:7  $:233 HP:0(61) Pw:19(19) AC:0  Xp:6 T:3891  Stressed Blind

Latest messages:
 You feel here a pair of old gloves.
 What do you want to eat? [z or ?*] ?
 What do you want to eat? [z or ?*] z
 This newt corpse tastes okay.
 You finish eating the newt corpse.
 You feel a mild buzz.
 You have trouble lifting A - a pair of old gloves.
 It bites!
 It misses!
 It misses!
 It bites!
 It misses!
 You hit it.
 It misses!
 It misses!
 It bites!
 You avoid harm.
 You hit it.
 It misses!
 It bites!
 It misses!
 It bites!
 It misses!
 It bites!
 You avoid harm.
 It misses!
 It bites!
 You avoid harm.
 You hit it.
 It bites!
 It misses!
 It bites!
 You're on fire!
 You hit it.
 It bites!
 It just misses!
 It misses!
 It bites!
 It misses!
 You hear the chime of a cash register.
 It bites!
 It misses!
 It bites!
 It bites!
 It bites again!
 You avoid harm.
 It bites!
 You die...
 Do you want your possessions identified? [ynq] (y) y
 Do you want to see your attributes? [ynq] (y) q

Inventory:
 Coins    ('$')
  $ - 233 gold pieces
 Amulets  ('"')
  H - an uncursed amulet of guarding (being worn)
 Weapons  (')')
  V - 16 +0 arrows
  d - 22 +0 ya (in quiver)
  c - a +0 yumi
  a - a +1 katana (weapon in right hand)
  b - a +0 wakizashi (alternate weapon; not wielded)
  F - a +0 wakizashi
 Armor    ('[')
  A - an uncursed +0 pair of gauntlets of dexterity
  w - a cursed +0 pair of yugake
  T - an uncursed +0 pair of iron shoes (being worn)
  n - an uncursed +0 mummy wrapping
  e - an uncursed rustproof +0 splint mail (being worn)
 Scrolls  ('?')
  y - a blessed scroll of enchant weapon
 Rings    ('=')
  D - an uncursed -1 ring of gain strength
  M - a cursed ring of hunger
  N - an uncursed ring of sustain ability
 Wands    ('/')
  C - a wand of create monster (0:10)
  f - a wand of light (0:13)
  l - a wand of sleep (0:4)
 Tools    ('(')
  Z - an uncursed sack containing 22 items
  I - a bag of tricks (0:14)
  S - a cursed drum of earthquake (0:6)
  Y - a cursed blindfold
  m - an uncursed skeleton key
 Gems/Stones  ('*')
  h - an uncursed worthless piece of black glass
  i - an uncursed worthless piece of orange glass
  X - a cursed worthless piece of red glass
  R - an uncursed worthless piece of white glass

Contents of the sack:
  a cursed -1 elven dagger
  4 uncursed gunyoki
  2 uncursed tripe rations
  a cursed lichen corpse
  an uncursed scroll of confuse monster
  an uncursed scroll of enchant weapon
  an uncursed scroll of light
  a cursed scroll of punishment
  a blessed scroll of remove curse
  an uncursed spellbook of healing
  an uncursed spellbook of light
  a blessed potion of extra healing
  an uncursed potion of fruit juice
  2 cursed potions of gain ability
  an uncursed potion of gain energy
  an uncursed potion of hallucination
  a cursed potion of invisibility
  a cursed potion of paralysis
  an uncursed potion of sake
  an uncursed potion of see invisible
  an uncursed potion of sickness
  a +0 pick-axe

Doran the Samurai's attributes:

Background:
 You were a Kunoichi, a level 6 female human Samurai.
 You were lawful, on a mission for Amaterasu Omikami
 who was opposed by Raijin (neutral) and Susanowo (chaotic).
 You were right-handed.
 You were in the Gnomish Mines, on level 7.
 You entered the dungeon 3891 turns ago.
 You had 502 experience points, 138 more were needed to attain level 7.
 Your score was 2651 before end-of-game adjustments.

Basics:
 You had 0 out of 61 hit points.
 You had all 19 energy points (spell power).
 Your armor class was 0.
 Your wallet contained 233 zorkmids.
 Autopickup was on for '$"?/=+!*' plus thrown, with exceptions.

Final Characteristics:
 Your strength was 14 (limit:18/100).
 Your dexterity was 17 (peak:18, limit:18).
 Your constitution was 18 (limit:18).
 Your intelligence was 10 (limit:18).
 Your wisdom was 11 (limit:18).
 Your charisma was 6 (limit:18).

Final Status:
 You were temporarily blind.
 You weren't hungry.
 You were stressed; movement was moderately slowed.
 You were wielding a long sword.
 You were skilled in long sword.

Final Attributes:
 You were piously aligned.
 You were cold resistant.
 You were poison resistant.
 You had a small defense bonus (+2).
 You were protected.
 You were fast.
 You are dead.

Miscellaneous:
 You encountered 2 bones levels.
 Total elapsed playing time was 51 minutes and 7 seconds.

Major events:
 Turn
    1: Doran the lawful female human Samurai entered the dungeon
 1082: attained the rank of Ronin (level 3)
 1134: entered Sokoban
 1580: completed 1st Sokoban level
 2522: entered the Gnomish Mines
 2919: attained the rank of Kunoichi (level 6)
 3577: reached Mine Town
 3891: killed by a fire ant

You didn't know any spells.

Skills:
 Fighting Skills
   martial arts      [Basic]
   two weapon combat [Unskilled]
   riding            [Unskilled]
 Weapon Skills
   dagger            [Unskilled]
   knife             [Unskilled]
   short sword       [Basic]
   broadsword        [Unskilled]
   long sword        [Skilled]
   two-handed sword  [Unskilled]
   saber             [Unskilled]
   flail             [Unskilled]
   quarterstaff      [Unskilled]
   polearms          [Unskilled]
   spear             [Unskilled]
   lance             [Unskilled]
   bow               [Basic]
   shuriken          [Unskilled]
 Spellcasting Skills
   attack spells     [Unskilled]
   divination spells [Unskilled]
   clerical spells   [Unskilled]

Voluntary challenges:
 Character rerolling was not enabled.
 You never genocided any monsters.
 You never polymorphed an object.
 You never changed form.
 You used no wishes.
 You did not violate any of the special Sokoban rules.
Achievements:
 You entered a shop.
 You attained the rank of Ronin.
 You entered Sokoban.
 You entered the Gnomish Mines.
 You attained the rank of Kunoichi.
 You entered Minetown.
 You entered a temple.

 The Dungeons of Doom: levels 1 to 7
    Level 1: "vault"
       A fountain, a sink.
    Level 2:
       A tool shop.
    Level 3:
       A fountain.
    Level 4:
       Some fountains.
       Stairs down to The Gnomish Mines.
    Level 5:
       A grave.
       Final resting place for
          pots164-Kni-Hum-Mal-Law, killed by a giant bat.
    Level 6:
       An altar, a fountain, a sink, a grave.
       Stairs up to Sokoban, level 5.
    Level 7:
 The Gnomish Mines: levels 5 to 8
    Level 5:
       A grave.
       Final resting place for
          rzepol-Rog-Hum-Mal-Cha, killed by a dwarf lord.
    Level 6:
    Level 7: <- You were here.
       Many shops, a temple and an altar, some fountains.
       Final resting place for
          you, killed by a fire ant.
    Level 8:
 Sokoban: levels 5 up to 4
    Level 4:
       Unsolved.
    Level 5:
       Solved.


Vanquished creatures:
  2 ghosts
  a dwarf leader
  2 blue jellies
  a gnome mummy
  a bugbear
  2 imps
  a wood nymph
  2 yellow lights
  a shrieker
  2 gnome leaders
  2 gnomish wizards
  a kobold mummy
  a gray ooze
  3 elf zombies
  2 floating eyes
  a kitten
  2 dwarves
  a homunculus
  2 hill orcs
  a rothe
  2 centipedes
  a giant bat
  2 iguanas
  a killer bee
  2 hobbits
  8 manes
  a hobgoblin
  3 giant rats
  a cave spider
  a yellow mold
 12 gnomes
  2 garter snakes
  2 geckos
  2 jackals
  a fox
  a kobold
  2 sewer rats
  5 grid bugs
  5 lichens
  2 kobold zombies
  7 newts
94 creatures vanquished.

No species were genocided or became extinct.

Game over:
                       ----------
                      /          \
                     /    REST    \
                    /      IN      \
                   /     PEACE      \
                  /                  \
                  |      Doran       |
                  |      233 Au      |
                  | killed by a fire |
                  |       ant        |
                  |                  |
                  |                  |
                  |       2026       |
                 *|     *  *  *      | *
        _________)/\\_//(\/(/\)/\//\/|_)_______

Sayonara Doran the Samurai...

You died in The Gnomish Mines on dungeon level 7 with 2628 points,
and 233 pieces of gold, after 3891 moves.
You were level 6 with a maximum of 61 hit points when you died.

